 Dungeon Crawl Stone Soup version 0.31-a0-691-g409c26aa35 (webtiles) character file.

Game seed: 16245036923186807231

54224 Shayle the Blocker (level 14, -11/120 HPs)
             Began as an Ogre Shapeshifter on Sept 5, 2023.
             Was an Elder of Kikubaaqudgha.
             Mangled by a goliath frog (14 damage)
             ... on level 5 of the Lair of Beasts on Sept 6, 2023.
             The game lasted 01:58:21 (27597 turns).

Shayle the Blocker (Ogre Shapeshifter)             Turns: 27597, Time: 01:58:22

Health: -11/120    AC: 10    Str: 27    XL:     14   Next: 72%
Magic:  24/24      EV:  9    Int: 15    God:    Kikubaaqudgha [****..]
Gold:   1443       SH: 11    Dex:  8    Spells: 3/30 levels left

rFire   + + .        b - +7 Throatcutter {drain, coup de grace}
rCold   x . .        B - +0 kite shield
rNeg    . . .        O - +0 fire dragon scales
rPois   .            h - +1 hat
rElec   .            v - +1 cloak {Will+}
rCorr   +            (gloves unavailable)
SInv    .            (boots unavailable)
Will    ++...        g - amulet of magic regeneration Stlth
                     W - +4 ring of protection
HPRegen 0.40/turn    Q - ring "Jopni" {rCorr Str+6}
MPRegen 0.59/turn

%: no passive effects
@: mighty, corroded, studying Evocations
A: large, unfitting armour, tough skin 1, talons 2, low MP 1
a: Renounce Religion, Unearth Wretches


You were on level 5 of the Lair of Beasts.
You worshipped Kikubaaqudgha.
Kikubaaqudgha was greatly pleased with you.
You visited 4 branches of the dungeon, and saw 20 of its levels.
You also visited: Volcano.

You collected 1495 gold pieces.
You spent 52 gold pieces at shops.

Inventory:

Hand Weapons
 b - the +7 Throatcutter (weapon) {drain, coup de grace}
   (You found it on level 3 of the Dungeon)
 j - a +2 short sword of venom
 H - a +5 heavy scimitar
 R - the +3 dagger of Hubris {heavy, Will+ Int+5}
   (You found it on level 4 of the Lair of Beasts)

   Int+5:     It affects your intelligence (+5).
   Will+:     It increases your willpower.
Missiles
 k - a throwing net
 p - 4 atropa-tipped darts
 t - 2 large rocks
 A - 3 darts of dispersal
 J - 5 curare-tipped darts
Armour
 a - a +1 animal skin
 h - a +1 hat (worn)
 l - the +0 cloak of a bazaar {+Inv rN+ Stlth+}
   (You acquired it on level 1 of the Lair of Beasts)

   rN+:       It protects you from negative energy.
   +Inv:      It lets you turn invisible.
   Stlth+:    It makes you more stealthy.
 v - a +1 cloak of willpower (worn)
 B - a +0 kite shield (worn)
 E - a scarf of repulsion
 I - a +0 robe of fire resistance
 O - +0 fire dragon scales (worn)
Jewellery
 e - a ring of flight
 g - an amulet of magic regeneration (around neck)
 s - a ring of protection from fire
 w - a ring of protection from cold
 x - a +5 ring of evasion
 K - a ring of see invisible
 Q - the ring "Jopni" (right hand) {rCorr Str+6}
   (You found it on level 11 of the Dungeon)

   [ring of strength]

   Str+6:     It affects your strength (+6).
   rCorr:     It protects you from acid and corrosion.
 T - an amulet of reflection
 W - a +4 ring of protection (left hand)
Talismans
 c - a beast talisman
 d - a flux talisman
Wands
 f - a wand of flame (22)
 L - a wand of digging (4)
Scrolls
 q - 3 scrolls of poison
 u - 5 scrolls of fog
 y - a scroll of amnesia
 z - 3 scrolls of torment
 D - a scroll of silence
 F - 2 scrolls of teleportation
 G - 6 scrolls of identify
Potions
 i - 4 potions of curing
 m - 4 potions of resistance
 n - 2 potions of brilliance
 o - a potion of enlightenment
 r - a potion of cancellation
 C - 2 potions of magic
 P - a potion of lignification
 S - 2 potions of invisibility {unknown}
 U - a potion of ambrosia


   Skills:
 + Level 3.6 Fighting
 - Level 7.9 Long Blades
 * Level 5.0 Armour
 - Level 7.8 Dodging
 - Level 11.8 Shields
 - Level 3.9 Unarmed Combat
 + Level 8.8 Spellcasting
 + Level 9.3 Necromancy
 - Level 7.0 Translocations
 - Level 8.0 Ice Magic
 - Level 5.5 Shapeshifting


You had 3 spell levels left.
You knew the following spells:

 Your Spells              Type           Power      Damage    Failure   Level
a - Necrotise             Necr           100%       1d9       1%          1
b - Animate Dead          Necr           34%        N/A       9%          4
c - Blink                 Tloc           54%        N/A       3%          2
d - Vampiric Draining     Necr           34%        2d8       2%          3
e - Manifold Assault      Tloc           27%        N/A       24%         4
f - Simulacrum            Ice/Necr       16%        N/A       88%         6
g - Apportation           Tloc           54%        N/A       2%          1
h - Death Channel         Necr           17%        N/A       80%         6

Your spell library contained the following spells:

 Spells                   Type           Power      Damage    Failure   Level
 Kiss of Death            Conj/Necr      80%        2d11      6%          1
 Ensorcelled Hibernation  Hex/Ice        36%        N/A       13%         2
 Sandblast                Erth           12%        2d6       41%         1
 Passwall                 Tmut/Erth      5%         N/A       54%         2
 Wereblood                Tmut           6%         N/A       54%         2
 Stone Arrow              Conj/Erth      12%        3d7       78%         3
 Agony                    Necr           34%        N/A       26%         5
 Anguish                  Hex/Necr       10%        N/A       54%         4
 Summon Ice Beast         Ice/Summ       18%        N/A       63%         4
 Alistair's Intoxication  Tmut/Pois      4%         N/A       100%        5
 Irradiate                Conj/Tmut      3%         3d12      100%        5
 Summon Mana Viper        Hex/Summ       6%         N/A       100%        5
 Monstrous Menagerie      Summ           3%         N/A       100%        7
 Ozocubu's Refrigeration  Ice            15%        4d10      100%        7
 Polar Vortex             Ice            15%        12d2*     100%        9


Dungeon Overview and Level Annotations

Branches:
Dungeon (13/15)            Temple (1/1) D:7            Lair (5/5) D:8
 Shoals (0/4) Lair:2        Snake (0/4) Lair:3        Slime (0/5) Lair:5
    Orc (1/2) D:12        Volcano (visited)
 Vaults: D:13-14

Altars:
Ashenzari
Cheibriados
Dithmenos
Elyvilon
Fedhas
Gozag
Hepliaklqana
Kikubaaqudgha
Makhleb
Nemelex Xobeh
Okawaru
Qazlal
Ru
Sif Muna
Trog
Uskayaw
Vehumet
Wu Jian
Xom
Yredelemnul
Zin
The Shining One

Shops:
D:5 *   D:7 ?

Annotations:
D:12 Urug
Temple 2 transporters
Lair:1 2 transporters, Aneuramo's ghost, journeyman OpSh
Orc:1 Fannar


Innate Abilities, Weirdness & Mutations

You are too large for most types of armour.
You have tough skin. (AC +1)
You have razor-sharp toenails.
Your magical capacity is low. (-10% MP)


Message History

* * * LOW HITPOINT WARNING * * *
The acid corrodes you!
You are splashed with acid.
You resist.
* * * LOW HITPOINT WARNING * * *
You closely miss the goliath frog.
The goliath frog is lightly wounded.
You block the goliath frog's attack. The goliath frog hits you.
* * * LOW HITPOINT WARNING * * *
You are splashed with acid.
You resist.
* * * LOW HITPOINT WARNING * * *
Unknown command.
Okay, then.
What are your orders? t - Shout!
Orders for allies: a - Attack new target. p - Attack previous target. r - Retreat! s - Stop attacking. g - Guard the area. f - Follow me.
Anything else - Cancel.
Retreat in which direction?
Press: ? - help, Dir - move target, f - you, p - goliath frog
Okay, then.
Okay, then.
Casting: Manifold Assault (dangerous; 24% risk of failure)
Confirm with . or Enter, or press ? or * to list all spells.
You blink.
The goliath frog hits you from afar!
* * * LOW HITPOINT WARNING * * *
You are splashed with acid.
You resist.
* * * LOW HITPOINT WARNING * * *
Okay, then.
Casting: Blink (safe; 3% risk of failure)
Confirm with . or Enter, or press ? or * to list all spells.
You are still too unstable to blink.
The goliath frog attacks as it pursues you!
The goliath frog barely misses you.
You feel stable enough to blink again.
The goliath frog attacks as it pursues you!
The goliath frog misses you. You block the goliath frog's attack.
There is a stone staircase leading up here.
The goliath frog hits you from afar!
You die...
Kikubaaqudgha rasps: "You have failed me!
Welcome... death!"

................................#
..#######.......................#
####≈§§###.............).......##
#.§§≈≈≈####....................#
§§......##.....................#
.§.≈≈≈§###.....................#
..##≈≈≈#####..................##
...#####......................#
............P...@.........#...##
#........##..#F................#
###.....##.P...P..............##
..#######.PP............#....##
...###......##.P........####..#
....####..#.#...P..#....#...###
.......#.#.####....#........#
..........#####...#.........#
.#.##..).....#.............##


You could see a goliath frog.

Vanquished Creatures
  A hydra (Lair:2)
  8 two-headed ogres
  A boulder beetle (D:13)
  A death knight (D:12)
  Sonja (D:11)
  Nergalle (D:11)
  A fire crab (Volcano)
  A lindwurm (Volcano)
  A goliath frog (Lair:5)
  An orc knight (D:12)
  A deep elf pyromancer (D:12)
  An ugly thing (D:13)
  A manticore (D:12)
  A cyclops (D:12)
  5 elephants
  A salamander (Lair:3)
  4 black mambas
  A gargoyle (D:12)
  12 cane toads
  An unseen horror (D:12)
  6 komodo dragons
  A burning bush (Lair:4)
  2 trolls
  14 dream sheep
  10 blink frogs
  6 slime creatures
  A shadow (D:11)
  5 wraiths
  6 wyverns
  30 yaks
  A human (Lair:4)
  7 fire bats (Volcano)
  4 vampire mosquitoes
  A fire elemental (D:13)
  Menkaure (D:4)
  3 basilisks
  3 steam dragons
  5 wargs
  A naga (Lair:3)
  3 acid dragons
  2 hell hounds (Volcano)
  12 water moccasins
  A sky beast (D:5)
  6 orc warriors
  4 ogres
  An ice beast (D:6)
  3 wolves (Lair:2)
  5 centaurs (D:12)
  A phantom (D:7)
  5 kobold brigands
  The ghost of hgbash the Changeling, an amateur SpSh (D:3)
  23 bullfrogs
  2 scorpions
  3 gnoll sergeants
  9 wights
  2 jellies
  7 killer bees
  A howler monkey (D:9)
  3 electric eels
  A lava snake (D:12)
  3 iron imps (D:7)
  5 orc priests
  3 hounds
  2 sleepcaps (D:7)
  2 gnoll boudas
  An iguana (D:5)
  11 orc wizards
  15 gnolls
  12 adders
  A worm (D:2)
  6 dart slugs
  The ghost of Bravepunisher the Ducker, a weakling SpMo (D:4)
  32 orcs
  11 ball pythons
  7 bats
  9 endoplasms
  2 giant cockroaches
  11 goblins
  6 hobgoblins
  4 jackals (D:3)
  7 quokkas
  6 frilled lizards
  24 kobolds
  9 rats
437 creatures vanquished.

Vanquished Creatures (collateral kills)
  3 hydras
  A two-headed ogre (D:10)
  A skyshark (Lair:4)
  Lodul (D:12)
  Maurice (D:11)
  4 elephants
  A black mamba (Lair:3)
  8 cane toads
  A freezing wraith (D:12)
  3 burning bushes (Lair:4)
  6 dream sheep
  7 blink frogs
  4 yaks
  A human (Lair:4)
  3 vampire mosquitoes
  A water moccasin (Lair:4)
  2 ogres (D:12)
  2 bullfrogs (Lair:5)
  An orc priest (D:9)
  2 orcs
53 creatures vanquished.

Vanquished Creatures (others)
  A cyclops (D:10)
  A manticore (D:12)
  A black mamba (Lair:5)
  A cane toad (Lair:3)
  An unseen horror (D:10)
  2 unseen horror zombies
  3 komodo dragons
  A hydra zombie (Lair:4)
  A yak (Lair:3)
  2 black mamba zombies
  A two-headed ogre zombie (D:11)
  A water moccasin (Lair:5)
  4 cane toad zombies
  5 dream sheep zombies
  An ogre (D:12)
  A wolf (Lair:3)
  7 blink frog zombies
  2 manticore zombies (D:12)
  An elephant zombie (Lair:5)
  4 komodo dragon zombies
  A bullfrog (Lair:4)
  A gnoll sergeant (D:10)
  3 water moccasin zombies
  6 yak zombies
  A wolf zombie (Lair:3)
  2 bullfrog zombies
  5 ogre zombies (D:12)
  2 human simulacra (D:12)
  4 orc zombies
  2 orcs
  7 kobold zombies
75 creatures vanquished.

Grand Total: 565 creatures vanquished

Notes
Turn   | Place    | Note
-------+----------+-------------------------------------------
     0 | D:1      | Shayle the Ogre Shapeshifter began the quest for the Orb.
     0 | D:1      | Reached XP level 1. HP: 19/19 MP: 1/1
    75 | D:1      | Found a faded altar of an unknown god.
    90 | D:1      | Reached XP level 2. HP: 22/27 MP: 1/3
   268 | D:1      | Reached skill level 1 in Spellcasting
   485 | D:1      | Reached XP level 3. HP: 32/33 MP: 4/4
  1127 | D:2      | Reached XP level 4. HP: 41/41 MP: 6/6
  1891 | D:3      | Found a runed translucent gate.
  1891 | D:3      | Found a runed translucent gate.
  1891 | D:3      | Found a runed translucent gate.
  1893 | D:3      | Noticed hgbash's ghost (amateur SpSh)
  1896 | D:3      | Identified the +1 ring mail "Adoyfod" {rElec Str+2 Int+2
                  | Dex-4}
  2008 | D:3      | Reached XP level 5. HP: 48/48 MP: 8/8
  2386 | D:3      | Found the +7 Throatcutter {drain, coup de grace}
  2386 | D:3      | Noticed a kobold brigand
  2386 | D:3      | Noticed a kobold brigand
  2409 | D:3      | Killed a kobold brigand
  2419 | D:3      | Killed a kobold brigand
  2420 | D:3      | Reached XP level 6. HP: 15/55 MP: 10/10
  2977 | D:4      | Noticed Menkaure
  2981 | D:4      | Killed Menkaure
  2982 | D:4      | Reached skill level 1 in Long Blades
  2982 | D:4      | Reached XP level 7. HP: 58/62 MP: 12/12
  3001 | D:4      | Found a runed translucent gate.
  3001 | D:4      | Found a runed translucent gate.
  3001 | D:4      | Found a runed translucent gate.
  3002 | D:4      | Noticed Bravepunisher's ghost (weakling SpMo)
  3377 | D:5      | Entered Level 5 of the Dungeon
  3859 | D:5      | Found Zeloulics's Lightly-Used Armoury.
  4022 | D:5      | Reached skill level 5 in Shapeshifting
  4022 | D:5      | Reached XP level 8. HP: 70/70 MP: 14/14
  4455 | D:6      | Reached skill level 5 in Spellcasting
  4612 | D:6      | Found a shimmering blue altar of Sif Muna.
  4637 | D:6      | Found a blossoming altar of Fedhas.
  4954 | D:6      | Reached skill level 5 in Dodging
  5131 | D:6      | Found an ancient bone altar of Kikubaaqudgha.
  5183 | D:6      | Became a worshipper of Kikubaaqudgha
  5545 | D:6      | Reached skill level 1 in Shields
  5647 | D:7      | Reached skill level 1 in Necromancy
  5653 | D:7      | Reached XP level 9. HP: 53/76 MP: 17/17
  5786 | D:7      | Reached skill level 2 in Shields
  6085 | D:7      | Found a stormy altar of Qazlal.
  6191 | D:7      | Found Lauraol's Magic Scroll Shoppe.
  6412 | D:7      | Reached * piety under Kikubaaqudgha
  6412 | D:7      | Received a gift from Kikubaaqudgha
  6416 | D:7      | Learned a level 1 spell: Necrotise
  6421 | D:7      | Learned a level 4 spell: Animate Dead
  6425 | D:7      | Found a burning altar of Makhleb.
  6495 | D:7      | Found a staircase to the Ecumenical Temple.
  6501 | Temple   | Found a transporter.
  6501 | Temple   | Found a transporter.
  6501 | Temple   | Found a transporter.
  6501 | Temple   | Found a transporter.
  6501 | Temple   | Entered the Ecumenical Temple
  6596 | D:8      | Noticed a two-headed ogre
  6709 | D:8      | Reached skill level 3 in Shields
  6804 | D:8      | Learned a level 2 spell: Blink
  6849 | D:8      | Killed a two-headed ogre
  6850 | D:8      | Reached skill level 5 in Long Blades
  6850 | D:8      | Reached skill level 4 in Shields
  6933 | D:8      | Noticed a two-headed ogre
  7111 | D:8      | Found a staircase to the Lair.
  7198 | D:8      | Found a hazy altar of Hepliaklqana.
  7219 | D:8      | Reached XP level 10. HP: 84/84 MP: 18/18
  7291 | D:8      | Found a sparkling altar of Nemelex Xobeh.
  7740 | D:8      | Killed a two-headed ogre
  7741 | D:8      | Reached skill level 5 in Shields
  8243 | D:9      | Reached skill level 5 in Necromancy
  8497 | Lair:1   | Entered Level 1 of the Lair of Beasts
  8676 | D:8      | Learned a level 3 spell: Vampiric Draining
  8775 | Lair:1   | Found a transporter.
  8833 | Lair:1   | Noticed Aneuramo's ghost (journeyman OpSh)
  8851 | Lair:1   | Noticed a cane toad
  8870 | Lair:1   | Killed a cane toad
  8871 | Lair:1   | Reached skill level 6 in Shields
  9189 | Lair:1   | Reached XP level 11. HP: 70/91 MP: 19/19
  9541 | Lair:2   | Learned a level 4 spell: Manifold Assault
  9838 | Lair:2   | Reached skill level 1 in Translocations
  9958 | Lair:2   | Reached ** piety under Kikubaaqudgha
 10160 | Lair:2   | Found a staircase to the Shoals.
 10168 | Lair:2   | Noticed a four-headed hydra
 10412 | Lair:1   | Found a transporter.
 10866 | Lair:1   | Reached skill level 7 in Shields
 11363 | Lair:1   | Gained mutation: You are strong-willed. (Will+) [potion of
                  | mutation]
 11363 | Lair:1   | Gained mutation: You passively map a small area around you.
                  | [potion of mutation]
 11364 | Lair:1   | Lost mutation: You passively map a small area around you.
                  | [potion of mutation]
 11364 | Lair:1   | Lost mutation: You are strong-willed. (Will+) [potion of
                  | mutation]
 11364 | Lair:1   | Gained mutation: You have sharp toenails. [potion of
                  | mutation]
 11364 | Lair:1   | Gained mutation: Your magical capacity is low. (-10% MP)
                  | [potion of mutation]
 11364 | Lair:1   | Gained mutation: You have razor-sharp toenails. [potion of
                  | mutation]
 11545 | D:9      | Found an iron altar of Okawaru.
 11967 | D:9      | Learned a level 6 spell: Simulacrum
 12434 | D:9      | Reached skill level 1 in Ice Magic
 12447 | D:10     | Entered Level 10 of the Dungeon
 12624 | D:10     | Found a basalt altar of Yredelemnul.
 12629 | D:10     | Found a glowing golden altar of the Shining One.
 12697 | D:10     | Noticed a two-headed ogre
 12706 | D:10     | Killed a two-headed ogre
 12707 | D:10     | Reached XP level 12. HP: 7/100 MP: 18/18
 13077 | D:10     | Found a radiant altar of Vehumet.
 13088 | D:10     | Reached skill level 8 in Shields
 14369 | D:10     | Noticed a two-headed ogre
 14707 | D:10     | Killed a two-headed ogre
 15205 | D:10     | Noticed an angel
 15296 | D:11     | Noticed a two-headed ogre
 15304 | D:11     | Killed a two-headed ogre
 15342 | D:11     | Noticed a two-headed ogre
 15346 | D:11     | Killed a two-headed ogre
 15347 | D:11     | Reached skill level 5 in Translocations
 15551 | D:11     | Noticed Maurice
 15565 | D:11     | Killed Maurice
 15672 | D:11     | Noticed a two-headed ogre
 15682 | D:11     | Killed a two-headed ogre
 16310 | D:11     | Reached skill level 9 in Shields
 16565 | D:11     | Noticed Nergalle
 16585 | D:11     | Killed Nergalle
 16702 | D:11     | Noticed Sonja
 16710 | D:11     | Killed Sonja
 16854 | D:11     | Identified the ring "Jopni" {rCorr Str+6}
 17617 | Lair:3   | Reached skill level 5 in Ice Magic
 17617 | Lair:3   | Reached XP level 13. HP: 106/106 MP: 7/19
 18470 | Lair:2   | Reached *** piety under Kikubaaqudgha
 18470 | Lair:2   | Received a gift from Kikubaaqudgha
 18737 | Lair:2   | Reached skill level 10 in Shields
 18808 | Lair:2   | Found an iron altar of Okawaru.
 19173 | Lair:1   | Identified a scroll of acquirement
 19284 | D:3      | Killed hgbash's ghost
 19445 | D:4      | Killed Bravepunisher's ghost
 19964 | D:12     | Noticed Lodul
 20833 | D:12     | Found a staircase to the Orcish Mines.
 20839 | Orc:1    | Entered Level 1 of the Orcish Mines
 20857 | Orc:1    | Noticed Fannar
 20885 | D:12     | Acquired the +0 cloak of a bazaar {+Inv rN+ Stlth+}
 20981 | D:12     | Noticed Urug
 21752 | Lair:4   | You fall into a shaft and drop 1 floor!
 21752 | Lair:5   | Entered Level 5 of the Lair of Beasts
 22009 | Lair:5   | Found a dark tunnel.
 22048 | Volcano  | Entered a volcano
 22301 | Volcano  | Reached skill level 11 in Shields
 22329 | Volcano  | Identified the +1 pair of boots of Zanleic {Str+2}
 22599 | Lair:5   | Reached XP level 14. HP: 91/114 MP: 9/22
 22772 | Lair:5   | Reached skill level 1 in Armour
 22782 | Lair:5   | Reached **** piety under Kikubaaqudgha
 23509 | D:7      | Bought a scroll of poison for 52 gold pieces
 23805 | D:12     | Killed Lodul
 23814 | D:12     | Your ally Lodul died
 24175 | D:12     | Learned a level 1 spell: Apportation
 24321 | D:12     | Identified the +1 spear of Doubt {heavy, Dex+3}
 24465 | D:12     | an ice dragon changed into a broodmother
 24465 | D:12     | Noticed a broodmother (shapeshifter)
 25412 | D:11     | Learned a level 6 spell: Death Channel
 26009 | Lair:3   | Found a staircase to the Snake Pit.
 26711 | Lair:4   | Identified the +3 dagger of Hubris {heavy, Will+ Int+5}
 27365 | Lair:4   | Upgraded the game from 0.31-a0-675-g238779eb0a to
                  | 0.31-a0-691-g409c26aa35
 27522 | Lair:4   | Reached skill level 5 in Armour
 27591 | Lair:5   | HP: 5/120 [goliath frog (14)]
 27591 | Lair:5   | HP: 1/120 [acid (4)]
 27597 | Lair:5   | Mangled by a goliath frog

Illustrated notes

Levels and vault maps discovered:
D:1:      onia_arrival_handbag, layout_loops_ring,
          ebering_ecumenical_altar_petrified, minivault_23,
          amcnicky_mini_pool_small, serial_bayou_lake_a
D:2:      layout_loops_cross, hangedman_decor_points, minivault_24,
          minmay_goblin_kobold_house
D:3:      layout_loops_ring, biasface_ghost_orc_armoury,
          dilly_guarded_unrand_throatcut
D:4:      layout_loops_cross, gammafunk_ghost_split, uniq_menkaure
D:5:      lemuel_ice_spiral_2, layout_basic, hangedman_decor_lopped,
          minmay_shop_damaged, minmay_misc_feat_room, hangedman_decor_slide_cut
D:6:      layout_gridville, mainiacjoe_overflow_catch_the_wave,
          lemuel_round_altar
D:7:      layout_basic, old_standard_altar, demons_altar,
          minmay_temple_entry_ruins, kennysheep_windowed_goal
D:8:      nicolae_BIG_FREAKIN_CUBE, layout_rooms,
          mainiacjoe_overflow_surrounded_room, mainiacjoe_overflow_brackets
D:9:      layout_basic, marbit_many_paths, dreamdust_gnoll_shepherd
D:10:     layout_long_grid, grunt_temple_overflow_holy_war,
          nicolae_vehumet_altar_sigil, chequers_jeans, nooodl_orcs_dogs
D:11:     layout_stronghold, uniq_maurice, uniq_nergalle, uniq_sonja
D:12:     kennysheep_four_of_diamonds, layout_basic, bh_circular_ruins,
          uniq_urug, uniq_lodul
D:13:     layout_basic, david_vaults_4, nemelex_xobeh_ov_fountains_minmay
Temple:   hellmonk_temple_divided_pantheon
Lair:1:   layout_misc_corridors, gammafunk_ghost_hive, hibernation_bobbens
Lair:2:   layout_cave_pods, elwin_shoals_entry_rocks, basic_altar,
          infiniplex_staircase_pool
Lair:3:   layout_chaotic_city, alex1729_snake_entry_snake,
          minmay_shattered_shrine
Lair:4:   slaughterhouse, layout_cellular_growth, evilmike_ambush
          [evilmike_ambush_outer_corners, evilmike_ambush_inner_cross]
Lair:5:   minmay_lair_end_frog_pond, layout_cave_shapes, slime_entry_1,
          lightli_volcano_entry_magma_tube
Orc:1:    layout_caves, serial_shops, shop, uniq_gastronok, uniq_fannar,
          uniq_snorg

Skill      XL: |  1  2  3  4  5  6  7  8  9 10 11 12 13 14 |
---------------+-------------------------------------------+-----
Dodging        | 2 3 4 5 6 7 |  7.8
Spellcasting   | 1 2 3 4 5 7 8 |  8.8
Unarmed Combat | 3 |  3.9
Shapeshifting  | 4 5 |  5.5
Long Blades    | 1 2 3 5 6 7 |  7.9
Shields        | 1 4 6 7 9 11 | 11.8
Necromancy     | 1 3 5 7 8 9 |  9.3
Translocations | 4 6 7 |  7.0
Ice Magic      | 1 5 7 8 |  8.0
Armour         | 5 |  5.0
Fighting       | 3 |  3.6

Action                     |  1- 3 |  4- 6 |  7- 9 | 10-12 | 13-15 || total
---------------------------+-------+-------+-------+-------+-------++-------
  Melee: Unarmed           |    32 |       |       |    10 |    31 ||    73
         Short sword       |    61 |   150 |       |     2 |       ||   213
         Punch             |     4 |     4 |       |       |       ||     8
         Long sword        |       |    33 |   166 |   405 |   617 ||  1221
         Kick              |       |       |       |    73 |   137 ||   210
   Cast: Animate Dead      |       |       |       |    11 |    14 ||    25
         Vampiric Draining |       |       |       |    10 |    15 ||    25
         Blink             |       |       |       |     1 |    18 ||    19
         Necrotise         |       |       |       |     1 |     3 ||     4
         Manifold Assault  |       |       |       |     4 |   147 ||   151
         Apportation       |       |       |       |       |     1 ||     1
 Invoke: Unearth Wretches  |       |       |       |     4 |     7 ||    11
Ability: Begin Untransform |       |       |       |       |     1 ||     1
  Evoke: Wand              |       |       |     2 |    15 |    10 ||    27
    Use: Scroll            |       |     4 |    12 |    17 |    11 ||    44
         Potion            |       |     3 |     3 |     6 |     7 ||    19
   Stab: Paralysed         |       |       |     5 |    13 |     8 ||    26
         Distracted        |       |       |       |     2 |     2 ||     4
 Armour: Animal skin       |    58 |    79 |   142 |   291 |   148 ||   718
         Skin              |       |    28 |       |       |       ||    28
         Robe              |       |       |       |       |    22 ||    22
         Fire dragon scale |       |       |       |       |   303 ||   303
  Dodge: Dodged            |    56 |    76 |    81 |   141 |   193 ||   547
  Block: Kite shield       |       |       |    43 |   171 |   282 ||   496

Table legend: (Time is in decaauts)
 A = Elapsed time spent in this place.
 B = Non-inter-level travel time spent in this place.
 C = Inter-level travel time spent in this place.
 D = Time resting spent in this place.
 E = Time spent auto-exploring this place.
 F = Levels seen in this place.
 G = Mean time per level.
                   A        B        C        D        E       F      G
               +--------+--------+--------+--------+--------+-----+--------+
         Total |  27800 |  25603 |   2197 |   9124 |   9153 |  21 | 1323.8 |
       Dungeon |  18481 |  16973 |   1508 |   5569 |   6828 |  13 | 1421.6 |
        Temple |      1 |      1 |      0 |      0 |      0 |   1 |    1.0 |
          Lair |   8809 |   8120 |    689 |   3322 |   2280 |   5 | 1761.8 |
  Orcish Mines |     25 |     25 |      0 |      0 |      0 |   1 |   25.0 |
       Volcano |    482 |    482 |      0 |    232 |     45 |   1 |  482.0 |
               +--------+--------+--------+--------+--------+-----+--------+

Top non-repeatable levels by time:
    D:10: 2745 daAuts
  Lair:2: 2590 daAuts
    D:11: 2526 daAuts
  Lair:1: 2202 daAuts
    D:12: 1962 daAuts
  Lair:3: 1903 daAuts
     D:8: 1860 daAuts
     D:6: 1457 daAuts
     D:9: 1415 daAuts
     D:7: 1371 daAuts
     D:3: 1173 daAuts
  Lair:4: 1156 daAuts
     D:5: 957 daAuts
  Lair:5: 955 daAuts
     D:1: 896 daAuts
